 Dungeon Sprint DCSS version 0.19.1-1-g22dce08 (webtiles) character file.

34 lorenzova the Magician (level 3, -5/19 HPs)
             Began as a Deep Elf Fire Elementalist on Jan 3, 2017.
             Was an Initiate of Vehumet.
             Slain by a killer bee (9 damage)
             ... in the Dungeon (Sprint IV: "Fedhas' Mad Dash").
             The game lasted 00:02:25 (516 turns).

lorenzova the Magician (Deep Elf Fire Elementalist)  Turns: 516, Time: 00:02:25

Health: -5/19      AC:  2    Str:  5    XL:     3   Next: 14%
Magic:  10/12      EV: 13    Int: 20    God:    Vehumet [......]
Gold:   45         SH:  0    Dex: 15    Spells: 3 memorised, 7 levels left

rFire  . . .     SeeInvis .     (no weapon)
rCold  . . .     Gourm    .     a - +0 robe
rNeg   . . .     Faith    .     (no shield)
rPois  .         Spirit   .     (no helmet)
rElec  .         Reflect  .     (no cloak)
rCorr  .         Harm     .     (no gloves)
MR     .....     NoTele   +     (no boots)
Stlth  ++........               j - amulet of invisibility {+Inv}
                                (no ring)
                                (no ring)

@: slightly contaminated, invisible
A: no striking features
a: Renounce Religion, Turn Visible


You were in the Dungeon.
You worshipped Vehumet.
Vehumet was noncommittal.
You were not hungry.

You visited 1 branch You collected 45 gold pieces.

Inventory:

Armour
 a - a +0 robe (worn)
Jewellery
 j - the amulet of invisibility (around neck) {+Inv}
   (You found it in the Dungeon)

   [amulet of nothing]

   It lets you turn invisible.
Scrolls
 i - a scroll of blinking
Potions
 d - 2 potions of curing
 e - a potion of heal wounds
 f - a potion of haste
 g - 2 potions of magic
 h - a potion of berserk rage
Books
 b - a book of Flames

   Spells                             Type                      Level
   a - Flame Tongue                   Conjuration/Fire             1
   b - Throw Flame                    Conjuration/Fire             2
   c - Conjure Flame                  Conjuration/Fire             3
   d - Inner Flame                    Hexes/Fire                   3
   e - Sticky Flame                   Conjuration/Fire             4
   f - Fireball                       Conjuration/Fire             5
Comestibles
 c - 2 bread rations


   Skills:
 - Level 2.4 Dodging
 - Level 2.4 Stealth
 + Level 5.6 Spellcasting
 + Level 3.8 Conjurations
 + Level 5.1 Fire Magic
 + Level 0.0 Evocations


You had 7 spell levels left.
You knew the following spells:

 Your Spells              Type           Power        Failure   Level  Hunger
a - Flame Tongue          Conj/Fire      ###..        1%          1    None
b - Throw Flame           Conj/Fire      ###...       2%          2    None
c - Conjure Flame         Conj/Fire      ###.....     8%          3    ##.....


Dungeon Overview and Level Annotations

Branches:
Dungeon (1/1)

Altars:
Cheibriados
Dithmenos
Elyvilon
Gozag
Hepliaklqana
Kikubaaqudgha
Makhleb
Nemelex Xobeh
Okawaru
Qazlal
Ru
Sif Muna
Trog
Uskayaw
Vehumet
Xom
Yredelemnul
Zin
The Shining One
Beogh
Jiyva
Lugonu

Annotations:
D exclusion: 3 oklob saplings


Message History

You open the door.
There is an open door here.
You open the door.
There is an open door here.
You close the door.
You flicker for a moment. 2 killer bees and a queen bee come into view.
Found 3 royal jellies.
You flicker back into view.
The killer bee buzzes angrily.
A killer bee comes into view.
You fail to use your ability.
The killer bee stings you!
A killer bee comes into view.
You fade into invisibility!
You are lightly contaminated with residual magic.
You feel quite a bit more hungry. The killer bee stings you!
* * * LOW HITPOINT WARNING * * *
The killer bee closely misses you. The killer bee stings you!
You die...

############################
#<†.P#.....#.$...#.⌠._._._._
#PP..'.....'.#...+.._._._._.
#PPPP#.....#P#...#..._._P_._
###############'##.._._._._.
♣.y...y@.+...#.⌠._._._._
#yyyy..♣y.y..#$P$###########
#y....♣..♣..######
##+####+#####


You could see a queen bee (wandering) and 4 killer bees.

Vanquished Creatures
  A worker ant (D)
  A river rat (D)
  A rat (D)
3 creatures vanquished.

Notes
Turn   | Place    | Note
-------+----------+-------------------------------------------
     0 | D        | lorenzova the Deep Elf Fire Elementalist began the quest for the Orb.
     0 | D        | Reached XP level 1. HP: 10/10 MP: 6/6
    12 | D        | Reached XP level 2. HP: 15/15 MP: 3/9
    84 | D        | Learned a level 2 spell: Throw Flame
    87 | D        | Noticed an oklob sapling
    93 | D        | Reached skill level 5 in Spellcasting
    93 | D        | Reached skill level 5 in Fire Magic
    93 | D        | Reached XP level 3. HP: 19/19 MP: 8/12
   128 | D        | Learned a level 3 spell: Conjure Flame
   129 | D        | Found an opulent altar of Gozag.
   129 | D        | Found a hazy altar of Hepliaklqana.
   129 | D        | Found a burning altar of Makhleb.
   129 | D        | Found a roughly hewn altar of Beogh.
   129 | D        | Found a sparkling altar of Nemelex Xobeh.
   129 | D        | Found a snail-covered altar of Cheibriados.
   129 | D        | Found a sacrificial altar of Ru.
   129 | D        | Found a deep blue altar of Sif Muna.
   129 | D        | Found a shimmering altar of Xom.
   129 | D        | Found a basalt altar of Yredelemnul.
   130 | D        | Found a viscous altar of Jiyva.
   130 | D        | Found a bloodstained altar of Trog.
   130 | D        | Noticed an oklob sapling priest
   419 | D        | Found an iron altar of Okawaru.
   419 | D        | Found a shadowy altar of Dithmenos.
   419 | D        | Found a glowing silver altar of Zin.
   420 | D        | Found an ancient bone altar of Kikubaaqudgha.
   420 | D        | Found a hide-covered altar of Uskayaw.
   421 | D        | Found a white marble altar of Elyvilon.
   421 | D        | Found a stormy altar of Qazlal.
   421 | D        | Found a glowing golden altar of the Shining One.
   422 | D        | Found a corrupted altar of Lugonu.
   422 | D        | Found a radiant altar of Vehumet.
   430 | D        | Became a worshipper of Vehumet
   491 | D        | Noticed an oklob sapling
   508 | D        | Noticed a queen bee
   508 | D        | Noticed a killer bee
   508 | D        | Noticed a killer bee
   511 | D        | Noticed a killer bee
   515 | D        | Noticed a killer bee
   516 | D        | Slain by a killer bee

Skill      XL: |  1  2 |
---------------+-------+-----
Spellcasting   | 4 5 |  5.6
Conjurations   | 2 3 |  3.8
Fire Magic     | 4 5 |  5.1
Dodging        | |  2.4
Stealth        | |  2.4

Action                   || total
-------------------------++-------
 Cast: Flame Tongue      ||     6
 Abil: Evoke Invisibilit ||     3
Dodge: Dodged            ||     2
